 Dungeon Crawl Stone Soup version 0.25.1-2-g60ff931df9 (webtiles) character file.

Game seed: 16397065208443385790

36 RaHiT the Skirmisher (level 3, 0/29 HPs)
             Began as a Demonspawn Chaos Knight on Sept 8, 2020.
             Was a Plaything of Xom.
             Slain by a leopard gecko (1 damage)
             ... on level 1 of the Dungeon.
             The game lasted 00:04:53 (512 turns).

RaHiT the Skirmisher (Demonspawn Chaos Knight)       Turns: 512, Time: 00:04:54

Health: 0/29       AC:  6    Str: 13    XL:     3   Next: 19%
Magic:  4/4        EV: 11    Int: 13    God:    Xom [.....*]
Gold:   24         SH:  0    Dex: 12    Spells: 4/4 levels left

rFire    . . .     SeeInvis .     - Unarmed
rCold    . . .     Gourm    .   (no shield)
rNeg     . . .     Faith    .   a - +2 leather armour
rPois    .         Spirit   .   (no helmet)
rElec    .         Reflect  .   j - +0 cloak
rCorr    .         Harm     .   (no gloves)
MR       .....                  (no boots)
Stlth    +.........             (no amulet)
HPRegen  0.09/turn              (no ring)
MPRegen  0.09/turn              (no ring)

@: no status effects
A: rot immunity
a: Renounce Religion


You were on level 1 of the Dungeon.
You worshipped Xom.
You were Xom's teddy bear.
You were not hungry.

You visited 1 branch of the dungeon, and saw 1 of its levels.

You collected 24 gold pieces.

Inventory:

Missiles
 d - 24 stones (quivered)
 k - 7 sling bullets
Armour
 a - a +2 leather armour (worn)
 j - a +0 cloak (worn)
Scrolls
 e - 2 scrolls of blinking {unknown}
 i - a scroll of remove curse
 l - a scroll of enchant weapon {unknown}
Potions
 c - a potion of heal wounds
 f - 2 potions of curing {unknown}
 g - 2 potions of mutation {unknown}
Comestibles
 b - a ration
 h - 7 chunks of flesh


   Skills:
 - Level 3.0 Fighting
 + Level 1.0 Throwing
 + Level 2.1 Armour
 + Level 1.4 Dodging
 - Level 3.0 Unarmed Combat
 + Level 1.0 Spellcasting


You had 4 spell levels left.
You didn't know any spells.
Your spell library was empty.

Dungeon Overview and Level Annotations

Branches:
Dungeon (1/15)

Altars:


Innate Abilities, Weirdness & Mutations

You are immune to rotting.


Message History

The leopard gecko closely misses you.
You closely miss the leopard gecko.
The leopard gecko is heavily wounded.
The leopard gecko barely misses you.
The leopard gecko bites you but does no damage.
Things that are here:
a +0 club; a +0 hunting sling; a hobgoblin skeleton You closely miss the leopard gecko.
The leopard gecko is moderately wounded.
The leopard gecko barely misses you.
You hit the leopard gecko.
The leopard gecko is severely wounded.
The leopard gecko bites you but does no damage.
You hit the leopard gecko.
The leopard gecko is almost dead.
The leopard gecko bites you.
* * * LOW HITPOINT WARNING * * *
A kobold comes into view. It is wielding a +0 dagger.
The leopard gecko bites you.
You die...

..... ...........#.#... , *
....#######...####...#.#.# * ,
..............# #...#...#
....r.........####......#### ,
...l.K............#........#,
....####r...#.###.#...##.#.#,*
##### #)##÷#....K.......# #
#†##.#####.##..#### ,
#.....rsl@.##..)..# , ,
#############..##)#, ,
####.........#.# ,, ,
###########.........#..#.# , *
..........#.........##.#.#* *
..........+.........##...# * *
..........#.........##...## ,
##'#......................# *
, ##.#)#####................#


You could see a leopard gecko, a giant cockroach, a kobold (wandering) and a
rat.

Vanquished Creatures
  A gnoll (D:1)
  3 dart slugs (D:1)
  2 goblins (D:1)
  5 hobgoblins (D:1)
  4 kobolds (D:1)
  3 bats (D:1)
  A frilled lizard (D:1)
  2 rats (D:1)
21 creatures vanquished.

Vanquished Creatures (others)
  A kobold (D:1)
1 creature vanquished.

Grand Total: 22 creatures vanquished

Notes
Turn   | Place    | Note
-------+----------+-------------------------------------------
     0 | D:1      | RaHiT the Demonspawn Chaos Knight began the quest for the
                  | Orb.
     0 | D:1      | Reached XP level 1. HP: 18/18 MP: 1/1
    45 | D:1      | XOM: silly message
    49 | D:1      | Reached skill level 1 in Dodging
    62 | D:1      | XOM: silly message
   111 | D:1      | XOM: potion effect (heal wounds)
   132 | D:1      | Gained mutation: You are immune to rotting. [demonic
                  | ancestry]
   132 | D:1      | Reached XP level 2. HP: 24/24 MP: 2/2
   216 | D:1      | XOM: divination: magic mapping
   392 | D:1      | Reached XP level 3. HP: 23/29 MP: 4/4
   452 | D:1      | Reached skill level 1 in Spellcasting
   465 | D:1      | Reached skill level 1 in Throwing
   487 | D:1      | XOM: divination: detect items
   510 | D:1      | HP: 1/29 [leopard gecko (4)]
   512 | D:1      | Slain by a leopard gecko

Illustrated notes

Levels and vault maps discovered:
D:1:      dpeg_arrival_stone_temple_mockup, layout_basic

Skill      XL: |  1  2  3 |
---------------+----------+-----
Dodging        | 1 |  1.4
Armour         | 2 |  2.1
Unarmed Combat | 3 |  3.0
Spellcasting   | 1 |  1.0
Throwing       | 1 |  1.0
Fighting       | |  3.0

Action                   || total
-------------------------++-------
Melee: Unarmed           ||   150
       Punch             ||     1
  Use: Scroll            ||     2
Armor: Leather armour    ||    39
Dodge: Dodged            ||    75
